 Dungeon Crawl Stone Soup version 0.31-a0-765-g67fe2935dc (webtiles) character file.

Game seed: 12527027408688070637

156 Dittersdorf the Trooper (level 5, -2/33 HPs)
             Began as a Gargoyle Fighter on Sept 15, 2023.
             Was an Initiate of Gozag.
             Slain by Ijyb
             ... wielding a +0 club
              (5 damage)
             ... on level 3 of the Dungeon.
             The game lasted 00:03:00 (2576 turns).

Dittersdorf the Trooper (Gargoyle Fighter)          Turns: 2576, Time: 00:03:01

Health: -2/33      AC:  0    Str: 21    XL:     5   Next: 38%
Magic:  5/5        EV: 13    Int:  9    God:    Gozag
Gold:   209        SH:  0    Dex:  9    Spells: 4/4 levels left

rFire   . . .        a - melded +0 flail
rCold   . . .        c - melded +0 buckler
rNeg    + . .        p - melded +0 chain mail
rPois   ∞            (helmet currently unavailable)
rElec   .            (cloak currently unavailable)
rCorr   .            (gloves currently unavailable)
SInv    .            h - melded +1 pair of boots {Stlth+}
Will    .....        (no amulet)
Stlth   +            (ring currently unavailable)
HPRegen 0.25/turn    (ring currently unavailable)
MPRegen 0.09/turn

%: no passive effects
@: pig-form, very quick
A: fast, no casting, sickness immunity, AC +4, small, negative energy resistance
1, (electricity resistance), torment resistance 1, petrification resistance
a: Renounce Religion, Potion Petition, Call Merchant, Bribe Branch


You were on level 3 of the Dungeon.
You worshipped Gozag.
Gozag was aware of your devotion.
You were a filthy swine.
You visited 1 branch of the dungeon, and saw 3 of its levels.

You collected 292 gold pieces.
You paid 83 gold pieces to Gozag.

Inventory:

Hand Weapons
 a - a +0 flail (melded)
Missiles
 i - 4 curare-tipped darts (quivered)
Armour
 c - a +0 buckler (melded)
 h - a +1 pair of boots of stealth (melded)
 p - a +0 chain mail (melded)
Jewellery
 b - a ring of fire
Scrolls
 e - 2 scrolls of fog {unknown}
 g - 2 scrolls of fear {unknown}
 k - 2 scrolls of poison {unknown}
 n - 2 scrolls of noise {unknown}
 o - a scroll of amnesia {unknown}
 r - a scroll of immolation {unknown}
 s - a scroll of brand weapon {unknown}
 t - a scroll of blinking {unknown}
 u - 2 scrolls of identify {unknown}
 v - a scroll of teleportation {unknown}
Potions
 d - a potion of might
 f - 3 potions of cancellation {unknown}
 j - 2 potions of enlightenment {unknown}
 l - a potion of brilliance {unknown}
 m - a potion of lignification {unknown}
 q - 2 potions of attraction {unknown}


   Skills:
 + Level 4.3 Fighting
 + Level 3.2 Maces & Flails
 + Level 4.2 Armour
 + Level 4.2 Shields


You had 4 spell levels left.
You didn't know any spells.
Your spell library contained the following spells:

 Spells                   Type           Power      Damage    Failure   Level
 Magic Dart               Conj           0%         1d3       38%         1
 Shock                    Conj/Air       0%         1d3       38%         1
 Call Imp                 Summ           0%         N/A       52%         2
 Lesser Beckoning         Tloc           0%         N/A       52%         2
 Searing Ray              Conj           0%         2d4       52%         2
 Gell's Gravitas          Tloc           0%         N/A       77%         3
 Mephitic Cloud           Conj/Pois/Air  0%         N/A       77%         3
 Swiftness                Air            0%         N/A       77%         3
 Teleport Other           Tloc           0%         N/A       77%         3
 Airstrike                Air            0%         2d(0-16)  99%         4
 Fulminant Prism          Conj/Hex       0%         3d5       99%         4
 Vhi's Electric Charge    Tloc/Air       0%         N/A       99%         4
 Arcjolt                  Conj/Air       0%         1d10      100%        5
 Haunt                    Necr/Summ      0%         N/A       100%        7
 Borgnjor's Revivificati  Necr           0%         N/A       100%        8
 Maxwell's Capacitive Co  Air            0%         ∞         100%        8
 Death's Door             Necr           0%         N/A       100%        9


Dungeon Overview and Level Annotations

Branches:
Dungeon (3/15)

Altars:
Cheibriados
Dithmenos
Gozag

Shops:
D:2 =

Annotations:
D:3 Ijyb


Innate Abilities, Weirdness & Mutations

You are a filthy swine.
You move quickly.
Your equipment is almost entirely melded.
You are incapable of wielding weapons or throwing items.
You cannot cast spells.
You are immune to sickness and miasma.
((Your stone body is resilient. (AC +4)))
You are immune to poison.
You resist negative energy. (rN+)
((You are resistant to electric shocks. (rElec)))
You are resistant to unholy torment.
You are immune to petrification.


Message History

You miss Ijyb.
Ijyb is heavily wounded.
Ijyb hits you with a +0 club.
You are too injured to fight recklessly!
You are too injured to fight recklessly!
You are too injured to fight recklessly!
You are too injured to fight recklessly!
You are too injured to fight recklessly!
You are too injured to fight recklessly!
You are too injured to fight recklessly!
You are too injured to fight recklessly!
You are too injured to fight recklessly!
You are too injured to fight recklessly!
You are too injured to fight recklessly!
You are too injured to fight recklessly!
You are too injured to fight recklessly!
You are too injured to fight recklessly!
You are too injured to fight recklessly!
You are too injured to fight recklessly!
You are too injured to fight recklessly!
You closely miss Ijyb.
Ijyb is heavily wounded.
Ijyb misses you.
You hit Ijyb.
Ijyb is severely wounded.
Ijyb barely misses you.
You closely miss Ijyb.
Ijyb is severely wounded.
You barely miss Ijyb.
Ijyb is severely wounded.
Ijyb hits you with a +0 club.
You hit Ijyb.
Ijyb is almost dead.
Ijyb hits you with a +0 club!
* * * LOW HITPOINT WARNING * * *
You hit Ijyb.
Ijyb is almost dead.
Ijyb hits you with a +0 club.
You die...
Your body crumbles into a pile of gold.

### ... ##§# # #.§g##
#. # #h#### #.....# #
§.§§§§..## #..... #
#§#§#§##..# #.... #
#§§.####.###....
..#.#####......# ...#
#.#............######
...#
#.#######..##.......##
....# #
#...###..###...# ....#
#.......##...###


You could see Ijyb.

Vanquished Creatures
  Terence (D:2)
  3 gnolls (D:2)
  3 adders
  2 worms
  A dart slug (D:1)
  3 ball pythons
  4 bats
  6 endoplasms
  2 giant cockroaches
  8 goblins
  10 hobgoblins
  4 jackals (D:1)
  4 kobolds
  A quokka (D:2)
  2 frilled lizards
  9 rats
63 creatures vanquished.

Notes
Turn   | Place    | Note
-------+----------+-------------------------------------------
     0 | D:1      | Dittersdorf the Gargoyle Fighter began the quest for the
                  | Orb.
     0 | D:1      | Reached XP level 1. HP: 14/14 MP: 1/1
   329 | D:1      | Reached XP level 2. HP: 19/19 MP: 2/2
   805 | D:1      | Reached XP level 3. HP: 23/23 MP: 3/3
   921 | D:2      | Found Ygos's Jewellery Emporium.
  1185 | D:2      | Reached XP level 4. HP: 26/29 MP: 4/4
  1280 | D:2      | Noticed Terence
  1296 | D:2      | Killed Terence
  2000 | D:3      | Reached XP level 5. HP: 33/33 MP: 5/5
  2091 | D:3      | Found a faded altar of an unknown god.
  2314 | D:3      | Found a snail-covered altar of Cheibriados.
  2323 | D:3      | Found an opulent altar of Gozag.
  2326 | D:3      | Became a worshipper of Gozag Ym Sagoz the Greedy
  2555 | D:3      | Noticed Ijyb
  2556 | D:3      | Found a shadowy altar of Dithmenos.
  2576 | D:3      | Slain by Ijyb

Illustrated notes

Levels and vault maps discovered:
D:1:      roderic_chinese_lattice_arrival, layout_loops_corners
D:2:      layout_basic, serial_shops, shop, minivault_27,
          minmay_split_cup_large, uniq_terence
D:3:      minmay_chambers_of_twos, layout_rooms, mainiacjoe_overflow_swirl,
          grunt_dithmenos_smoke_and_mirrors, shapermc_ecumenical_altar_gd,
          hangedman_decor_points, uniq_ijyb

Skill      XL: |  1  2  3  4 |
---------------+-------------+-----
Fighting       | 4 |  4.3
Armour         | 4 |  4.2
Shields        | 4 |  4.2
Maces & Flails | 3 |  3.2

Action                     |  1- 3 |  4- 6 || total
---------------------------+-------+-------++-------
  Melee: Flail             |    83 |   126 ||   209
         Unarmed           |       |    13 ||    13
 Armour: Scale mail        |    38 |    22 ||    60
         Chain mail        |       |    59 ||    59
         Skin              |       |     7 ||     7
  Dodge: Dodged            |    37 |    47 ||    84
  Block: Buckler           |    13 |    32 ||    45

Table legend: (Time is in decaauts)
 A = Elapsed time spent in this place.
 B = Non-inter-level travel time spent in this place.
 C = Inter-level travel time spent in this place.
 D = Time resting spent in this place.
 E = Time spent auto-exploring this place.
 F = Levels seen in this place.
 G = Mean time per level.
                   A        B        C        D        E       F      G
               +--------+--------+--------+--------+--------+-----+--------+
         Total |   2636 |   2573 |     63 |     64 |   1985 |   3 |  878.7 |
       Dungeon |   2636 |   2573 |     63 |     64 |   1985 |   3 |  878.7 |
               +--------+--------+--------+--------+--------+-----+--------+

Top non-repeatable levels by time:
     D:2: 1088 daAuts
     D:1: 921 daAuts
     D:3: 626 daAuts
